Map: Polka LE

Players

BrotherFlame - Winner!

  • Race: Terran Terran
  • League: Diamond

Turbo - Winner!

  • Race: Protoss Protoss

qqq

  • Race: Zerg Zerg

Massa

  • Race: Terran Terran
  • League: Platinum

VOD

Have the link to the VOD?

Description

Time

  • Played on: April 27, 2021, 2:36 p.m.
  • Length: 16:02
Show
View Real Time Build Order
Export as new Build Order

BrotherFlame Terran - Winner!

Build Orders: Mech 

Get SALT Encoding   

  12  0:00  SCV  
  13  0:12  SCV  
  14  0:18  Supply Depot  
  14  0:24  SCV  
  15  0:39  SCV  
  15  0:42  Barracks  
  16  0:52  SCV  
  16  0:53  Refinery  
  17  1:04  SCV  
  18  1:16  SCV  
  19  1:29  Supply Depot  
  19  1:30  Orbital Command  
  19  1:31  Marine  
  20  1:49  Command Center  
  20  1:54  Marine  
  20  1:56  SCV  
  22  2:06  Factory  
  22  2:09  SCV  
  22  2:12  Marine  
  24  2:22  SCV  
  25  2:26  Refinery  
  25  2:41  SCV  
  26  2:44  Supply Depot  
  26  2:48  Marine  
  26  2:49  Factory Tech Lab  
  27  2:51  Starport  
  27  2:53  SCV  
  29  3:05  SCV  
  29  3:08  Marine  
  30  3:13  Siege Tank  
  33  3:33  Orbital Command  
  31  3:37  Starport Tech Lab  
  29  3:43  SCV  
  30  3:55  SCV  
  30  4:02  SCV  
  31  4:08  SCV  
  31  4:09  Marine  
  33  4:14  SCV  
  34  4:26  SCV  
  35  4:38  SCV  
  35  4:39  Banshee  
  35  4:41  SCV  
  40  4:48  Refinery  
  40  4:52  Marine  
  41  4:53  SCV  
  41  4:56  Command Center  
  42  5:00  Engineering Bay, Command Center  
  42  5:05  SCV  
  43  5:10  Marine  
  44  5:17  Refinery, SCV  
  45  5:22  Supply Depot  
  45  5:29  SCV  
  46  5:36  Siege Tank  
  46  5:38  Marine, Viking  
  52  5:43  SCV  
  52  5:48  SCV  
  54  5:54  Missile Turret  
  54  5:55  SCV  
  54  5:56  Hi-Sec Auto Tracking, Marine  
  56  6:00  SCV  
  57  6:07  SCV  
  57  6:08  Banshee, Missile Turret  
  61  6:14  Marine, Siege Tank  
  61  6:17  SCV  
  66  6:19  SCV  
  67  6:29  Refinery, SCV  
  69  6:32  SCV  
  69  6:33  SCV, Marine  
  69  6:36  Orbital Command  
  71  6:41  SCV  
  71  6:44  Factory  
  72  6:53  Refinery, SCV  
  73  6:56  Siege Tank  
  76  7:01  Missile Turret  
  76  7:05  SCV x2  
  76  7:06  SCV x2  
  80  7:09  Neosteel Armor, Missile Turret  
  80  7:13  Armory  
  80  7:17  SCV, Armory, Supply Depot  
  80  7:18  SCV x2  
  80  7:19  SCV  
  84  7:29  Factory Reactor, Infernal Pre-Igniter  
  84  7:31  SCV, Siege Tank  
  84  7:35  Supply Depot  
  88  7:38  SCV  
  88  7:39  SCV x2  
  88  7:40  Supply Depot  
  88  7:44  SCV  
  92  7:50  Factory  
  92  7:52  Command Center  
  92  8:02  Planetary Fortress  
  92  8:07  Missile Turret  
  92  8:13  Missile Turret  
  92  8:19  Widow Mine x2, Siege Tank  
  99  8:20  Banshee  
  99  8:21  Cloaking Field  
  99  8:24  Terran Vehicle Weapons Level 1  
  99  8:25  Missile Turret  
  102  8:36  Command Center  
  102  8:40  Missile Turret  
  102  8:44  Terran Vehicle And Ship Armor Level 1  
  102  8:47  Supply Depot  
  102  8:48  Factory Tech Lab  
  102  8:49  Widow Mine x2, Drilling Claws  
  106  8:55  SCV  
  106  8:58  Thor  
  106  9:01  Missile Turret  
  113  9:06  Banshee  
  113  9:08  SCV  
  117  9:11  Orbital Command  
  117  9:12  Supply Depot  
  117  9:17  Command Center  
  117  9:22  Missile Turret  
  117  9:34  SCV  
  117  9:35  Missile Turret  
  118  9:42  Command Center  
  118  9:45  Thor  
  124  9:46  SCV  
  124  9:50  Orbital Command  
  124  9:51  Raven  
  127  9:58  SCV  
  128  10:01  Command Center  
  128  10:08  Hellbat x2  
  128  10:09  Smart Servos  
  128  10:10  SCV  
  133  10:15  Thor  
  139  10:21  Terran Vehicle Weapons Level 2  
  139  10:22  SCV  
  143  10:28  Siege Tank  
  143  10:29  Orbital Command, Hellbat x2  
  143  10:32  Barracks Tech Lab  
  143  10:35  Raven  
  147  10:37  Hyperflight Rotors  
  149  10:51  Hellbat  
  149  10:56  Hellbat  
  153  10:58  Command Center, Thor  
  153  11:00  Thor  
  153  11:01  Terran Vehicle And Ship Armor Level 2  
  165  11:09  SCV  
  166  11:12  Hellbat  
  166  11:14  Missile Turret  
  166  11:16  Planetary Fortress  
  166  11:17  Hellbat  
  170  11:21  SCV  
  171  11:30  Banshee  
  174  11:33  SCV  
  174  11:35  Starport  
  174  11:36  Missile Turret  
  174  11:37  Starport  
  175  11:42  Starport  
  175  11:44  Supply Depot  
  175  11:46  SCV  
  176  11:56  Refinery  
  176  11:58  SCV  
  177  12:15  Starport Tech Lab  
  177  12:19  Hellbat  
  177  12:20  Siege Tank x2, Hellbat  
  187  12:23  Refinery  
  187  12:26  Starport Tech Lab, Fusion Core  
  181  12:58  Command Center  
  176  13:09  Starport Tech Lab  
  176  13:11  Thor x2  
  188  13:13  Hellbat x2  
  188  13:16  Weapon Refit, Terran Ship Weapons Level 1  
  171  13:40  Battlecruiser x2  
  182  13:47  Planetary Fortress  
  152  14:18  Orbital Command  
  152  14:32  Battlecruiser x2  
  152  14:33  Factory Tech Lab x2  
  152  14:34  Factory Reactor  
  152  14:37  SCV x2  
  152  14:38  SCV x2  
  161  14:49  SCV  
  161  14:50  SCV x3  
  165  14:57  Missile Turret  
  165  14:58  Command Center  
  165  15:01  SCV, Missile Turret  
  165  15:02  Refinery, SCV x3  
  165  15:03  Missile Turret  
  163  15:10  Thor x2  
  163  15:12  Hellbat  
  177  15:18  Missile Turret  
  177  15:22  Refinery  
  177  15:27  SCV x4, Hellbat  
  177  15:38  SCV  
  177  15:39  SCV x3  
  177  15:40  Refinery  
  181  15:44  Missile Turret  
  181  15:45  SCV  
  182  15:50  SCV  
Show
View Real Time Build Order
Export as new Build Order

Turbo Protoss - Winner!

Build Orders: Dark Templar Rush 

Get SALT Encoding   

  12  0:00  Probe  
  13  0:12  Probe  
  14  0:18  Pylon  
  14  0:25  Probe  
  15  0:37  Probe  
  15  0:40  Gateway  
  16  0:49  Probe  
  17  0:51  Assimilator  
  17  1:01  Probe  
  18  1:04  Assimilator  
  18  1:13  Pylon  
  18  1:14  Probe (Chrono Boost)  
  19  1:25  Probe (Chrono Boost)  
  20  1:29  Cybernetics Core  
  20  1:30  Probe (Chrono Boost)  
  21  1:40  Probe (Chrono Boost)  
  22  1:49  Probe (Chrono Boost)  
  23  1:55  Probe  
  24  2:06  Warp Gate  
  24  2:07  Probe  
  25  2:08  Twilight Council  
  25  2:13  Pylon  
  25  2:19  Probe, Stalker (Chrono Boost)  
  28  2:38  Probe  
  29  2:44  Dark Shrine  
  29  2:50  Probe  
  30  3:02  Probe  
  31  3:05  Stalker  
  33  3:19  Nexus  
  33  3:33  Probe  
  34  3:39  Gateway  
  34  3:40  Gateway  
  34  4:01  Dark Templar  
  36  4:12  Pylon  
  36  4:15  Shield Battery  
  36  4:25  Probe  
  37  4:35  Dark Templar  
  37  4:36  Dark Templar  
  37  4:37  Probe  
  40  4:46  Probe  
  40  4:49  Probe  
  42  4:58  Probe  
  43  5:01  Probe  
  43  5:05  Shadow Stride  
  42  5:10  Probe  
  42  5:14  Probe  
  42  5:20  Assimilator  
  42  5:22  Probe  
  42  5:23  Sentry  
  42  5:24  Pylon, Sentry  
  42  5:25  Assimilator  
  42  5:26  Probe  
  48  5:31  Pylon  
  48  5:34  Pylon  
  48  5:35  Probe, Nexus  
  49  5:38  Probe  
  49  5:40  Charge (Chrono Boost)  
  50  5:44  Zealot  
  50  5:47  Probe  
  53  5:50  Probe  
  53  5:53  Robotics Facility  
  54  5:59  Probe  
  54  6:02  Probe  
  56  6:11  Probe  
  57  6:12  Stalker x3  
  57  6:14  Probe  
  64  6:23  Probe  
  65  6:25  Nexus  
  65  6:26  Probe  
  65  6:30  Pylon  
  66  6:38  Pylon  
  66  6:46  Stalker  
  66  6:47  Stalker  
  70  6:48  Zealot  
  72  6:57  Robotics Bay  
  72  6:58  Immortal  
  76  7:01  Robotics Facility  
  76  7:06  Probe x3  
  79  7:11  Forge  
  79  7:14  Pylon  
  79  7:18  Probe x3  
  82  7:23  Blink  
  82  7:28  Templar Archives  
  82  7:30  Probe  
  82  7:35  Shield Battery  
  83  7:37  Extended Thermal Lance  
  83  7:39  Observer  
  83  7:41  Probe  
  83  7:42  Probe  
  83  7:43  Protoss Ground Weapons Level 1 (Chrono Boost)  
  86  7:53  Probe  
  86  7:54  Probe  
  88  8:01  Observer (Chrono Boost)  
  88  8:03  Assimilator  
  88  8:05  Probe, Photon Cannon  
  90  8:06  Probe  
  90  8:07  Photon Cannon  
  90  8:08  Colossus (Chrono Boost)  
  97  8:17  Probe  
  97  8:19  Probe, Psionic Storm  
  99  8:21  Gateway  
  99  8:24  Gateway  
  99  8:28  Gateway  
  99  8:29  Probe  
  99  8:30  Gateway  
  99  8:31  Probe  
  101  8:36  Assimilator, Dark Templar  
  103  8:43  Probe (Chrono Boost)  
  103  8:45  Probe (Chrono Boost), Assimilator  
  105  8:48  Colossus (Chrono Boost)  
  105  8:54  Probe (Chrono Boost)  
  114  8:57  Probe x2 (Chrono Boost)  
  114  8:58  Probe (Chrono Boost)  
  115  9:05  Dark Templar  
  115  9:09  Probe x2  
  119  9:12  Zealot x2  
  119  9:16  High Templar  
  125  9:21  Probe x2  
  127  9:25  Gateway  
  127  9:27  Gateway  
  127  9:28  Photon Cannon  
  127  9:30  Gateway, Dark Templar  
  129  9:33  Probe  
  129  9:34  Dark Templar  
  132  9:43  Assimilator  
  132  9:51  Pylon  
  132  9:53  Protoss Ground Weapons Level 2  
  132  9:54  Pylon  
  132  9:56  Pylon  
  132  9:59  Pylon  
  130  10:00  Zealot  
  130  10:06  Pylon  
  132  10:08  Pylon  
  132  10:09  Colossus  
  132  10:12  Dark Templar x2  
  132  10:13  Dark Templar  
  144  10:17  Dark Templar  
  146  10:24  Archon  
  146  10:25  Archon  
  146  10:27  Zealot x2  
  146  10:28  Zealot  
  152  10:31  Pylon  
  152  10:34  Probe x4  
  156  10:44  Pylon  
  156  10:46  Probe x4  
  156  10:47  Colossus  
  166  10:55  Photon Cannon  
  166  10:57  Photon Cannon  
  166  10:58  Probe x2, Photon Cannon  
  166  11:02  Colossus  
  154  11:16  Zealot x4  
  154  11:17  Zealot x3  
  145  11:34  Zealot x2  
  145  11:35  Zealot  
  145  11:36  Dark Templar x3  
  145  11:37  Dark Templar  
  145  11:38  Pylon  
  145  11:39  Photon Cannon  
  159  11:42  High Templar x2  
  163  11:47  Archon  
  163  11:49  Archon  
  163  11:53  Shield Battery  
  163  11:55  Pylon  
  154  12:16  Observer  
  154  12:17  Observer  
  154  12:18  Photon Cannon  
  154  12:19  Nexus  
  154  12:20  Photon Cannon  
  154  12:22  Pylon  
  150  12:30  Zealot  
  150  12:31  Zealot x5  
  150  12:32  Stalker x3  
  136  12:53  Zealot x4  
  136  12:54  Zealot x3  
  148  13:13  Colossus x2, Stalker x3  
  164  13:26  Stalker x7  
  178  13:35  Probe x5  
  181  13:47  Probe x3  
  184  13:53  Dark Templar x4  
  181  14:07  Colossus  
  175  14:14  Dark Templar  
  175  14:15  Zealot x3  
  177  14:36  Probe, Pylon  
  164  14:39  Pylon  
  164  14:40  Pylon  
  164  14:43  Pylon  
  164  14:44  Pylon  
  156  14:48  Probe  
  156  14:52  Probe x2  
  159  14:53  Probe x2  
  159  14:55  Assimilator  
  159  14:57  Photon Cannon, Assimilator  
  159  14:58  Photon Cannon  
  161  15:00  Probe  
  161  15:01  Photon Cannon  
  161  15:03  Photon Cannon  
  161  15:04  Probe, Shield Battery  
  161  15:05  Probe x3  
  166  15:13  Probe  
  167  15:17  Probe x4  
  171  15:24  Photon Cannon  
  171  15:25  Probe  
  171  15:26  Photon Cannon  
  171  15:28  Photon Cannon  
  172  15:29  Probe x2  
  172  15:31  Pylon  
  172  15:33  Pylon  
  174  15:41  Probe x2  
  176  15:48  Probe x3  
Show
View Real Time Build Order
Export as new Build Order

qqq Zerg 

Build Orders: Pool First, Lurkers 

Get SALT Encoding   

  12  0:02  Drone  
  13  0:08  Drone  
  14  0:21  Overlord  
  14  0:35  Spawning Pool  
  13  0:40  Drone  
  13  0:41  Drone  
  15  0:47  Drone  
  16  1:14  Hatchery  
  15  1:19  Drone  
  15  1:20  Drone  
  17  1:26  Extractor  
  16  1:34  Roach Warren  
  16  1:38  Drone  
  16  1:41  Drone  
  16  1:45  Drone  
  18  2:00  Queen  
  20  2:02  Drone  
  21  2:14  Overlord  
  21  2:16  Drone  
  22  2:33  Roach x2  
  25  2:41  Roach x2  
  29  2:46  Queen  
  31  2:52  Overlord  
  31  2:58  Overlord  
  31  3:09  Lair  
  31  3:12  Drone  
  32  3:17  Roach  
  34  3:25  Roach  
  36  3:39  Roach  
  39  3:41  Drone x4  
  39  3:46  Extractor  
  41  3:48  Roach  
  43  4:01  Overlord  
  32  4:26  Overseer  
  32  4:32  Roach x2  
  32  4:33  Drone x6  
  32  4:34  Drone x3  
  45  4:43  Drone  
  44  4:48  Glial Reconstitution  
  38  5:13  Drone  
  38  5:14  Drone x4  
  42  5:16  Spore Crawler  
  42  5:17  Spine Crawler  
  41  5:26  Roach x3  
  47  5:34  Roach x2  
  47  5:35  Drone  
  52  5:55  Overlord x4  
  52  6:09  Hydralisk Den  
  51  6:11  Drone  
  51  6:13  Drone x5  
  57  6:26  Drone x2  
  59  6:34  Evolution Chamber  
  59  6:36  Evolution Chamber, Spore Crawler  
  56  6:48  Hydralisk x3  
  56  6:49  Hydralisk x2  
  56  6:54  Lurker Den  
  65  6:55  Muscular Augments  
  65  6:58  Drone x2  
  65  7:00  Drone  
  68  7:02  Drone  
  68  7:05  Extractor  
  68  7:07  Extractor  
  67  7:13  Drone x2  
  67  7:15  Drone, Hydralisk  
  70  7:17  Drone  
  73  7:41  Zerg Missile Weapons Level 1, Zerg Ground Armor Level 1  
  73  7:45  Drone x4, Overlord  
  73  7:46  Drone x3  
  80  8:08  Drone x4  
  80  8:09  Drone x2  
  80  8:10  Hatchery  
  85  8:16  Spine Crawler  
  85  8:18  Hydralisk x2  
  88  8:21  Lurker  
  88  8:22  Lurker  
  88  8:24  Lurker  
  91  8:27  Drone  
  91  8:32  Infestation Pit  
  91  8:34  Drone  
  92  8:51  Hatchery  
  91  8:59  Pneumatized Carapace  
  91  9:01  Overlord x4  
  91  9:21  Hive  
  91  9:25  Drone x3  
  91  9:26  Drone x2, Hydralisk  
  91  9:27  Hydralisk x2  
  91  9:30  Extractor  
  101  9:32  Extractor, Drone  
  101  9:42  Spore Crawler  
  101  9:43  Spine Crawler  
  99  10:01  Overseer x2  
  99  10:02  Zerg Ground Armor Level 2  
  99  10:03  Zerg Missile Weapons Level 2  
  99  10:07  Hydralisk x4  
  99  10:09  Drone x2  
  109  10:22  Drone x4, Overlord x2  
  109  10:23  Hydralisk  
  109  10:25  Roach  
  109  10:27  Roach  
  119  10:29  Drone  
  120  10:44  Lurker x3  
  120  10:45  Lurker  
  124  10:50  Seismic Spines  
  106  11:33  Hydralisk x4  
  106  11:34  Roach x2  
  106  11:35  Roach x4  
  106  11:36  Roach x2  
  106  11:38  Overlord x3  
  106  11:39  Overlord x3  
  130  11:49  Adaptive Talons  
  130  11:55  Queen  
  132  12:06  Hatchery  
  117  12:18  Lurker x7  
  117  12:19  Lurker x2  
  117  12:21  Zergling x4  
  117  12:22  Zergling x8  
  132  12:31  Queen  
  132  12:33  Overseer x2  
  134  12:37  Metabolic Boost  
  87  12:51  Hydralisk x4  
  87  12:52  Hydralisk x2  
  87  12:53  Hydralisk  
  87  12:54  Zergling x16  
  109  12:58  Hydralisk  
  97  13:23  Hydralisk x2  
  97  13:24  Hydralisk x6  
  109  13:35  Spore Crawler  
  109  13:38  Roach x4  
  109  14:08  Hatchery  
  102  14:14  Hydralisk x3  
  102  14:15  Roach x3  
  102  14:16  Roach x3  
  118  14:21  Hydralisk  
  118  14:22  Hydralisk x3  
  125  14:30  Roach  
  120  14:32  Roach  
  100  14:47  Hatchery  
  87  14:59  Hydralisk x6  
  96  15:10  Spore Crawler  
  96  15:11  Spore Crawler  
  94  15:14  Spore Crawler  
  94  15:15  Spore Crawler  
  94  15:18  Lurker  
  94  15:19  Lurker x2  
  94  15:21  Drone  
  94  15:23  Drone  
Show
View Real Time Build Order
Export as new Build Order

Massa Terran 

Build Orders:  

Get SALT Encoding   

  12  0:00  SCV  
  13  0:12  SCV  
  14  0:22  Supply Depot  
  14  0:24  SCV  
  15  0:41  Refinery  
  15  0:43  SCV  
  15  0:45  Barracks  
  16  0:56  SCV  
  17  1:08  SCV  
  18  1:19  Barracks  
  18  1:23  SCV  
  19  1:35  Supply Depot  
  20  1:42  Orbital Command  
  20  1:45  Reaper  
  20  1:58  Refinery  
  20  2:06  Reaper  
  21  2:10  SCV  
  22  2:17  Reaper  
  23  2:25  SCV, Command Center  
  24  2:39  Barracks Tech Lab  
  24  2:49  Barracks Reactor  
  24  3:03  Command Center  
  24  3:06  SCV  
  24  3:12  Stimpack  
  25  3:13  Marine  
  25  3:18  SCV  
  27  3:30  Marine  
  26  4:06  Marauder, Marine x2  
  26  4:09  Orbital Command, SCV  
  31  4:21  SCV  
  31  4:24  Marine x2  
  34  4:33  SCV  
  33  4:45  SCV, Marauder, Marine x2  
  38  4:52  Refinery  
  38  4:55  Engineering Bay  
  38  4:57  Supply Depot  
  38  4:58  SCV x3, Supply Depot  
  38  4:59  Supply Depot x2  
  41  5:00  Supply Depot  
  41  5:02  Marine  
  41  5:05  Combat Shield  
  41  5:06  Marauder  
  44  5:10  SCV x3  
  44  5:12  Barracks  
  47  5:15  Marine  
  47  5:20  Supply Depot  
  48  5:23  Supply Depot  
  48  5:27  Marine  
  48  5:28  Marauder  
  51  5:30  SCV  
  51  5:31  SCV x2  
  51  5:33  Marine  
  55  5:37  Refinery  
  55  5:49  Missile Turret  
  55  5:55  Missile Turret  
  55  5:56  Missile Turret  
  55  5:57  Terran Infantry Weapons Level 1  
  55  6:06  Factory  
  55  6:07  Barracks Tech Lab  
  55  6:09  Marauder, Marine x2  
  59  6:20  Engineering Bay  
  59  6:26  SCV x3  
  59  6:27  Marine  
  59  6:30  Marauder, Concussive Shells  
  65  6:38  SCV x3  
  68  6:56  Factory Tech Lab  
  68  6:59  Terran Infantry Armor Level 1  
  68  7:03  SCV x2, Armory  
  70  7:08  Refinery  
  70  7:12  Marauder x2, Marine x2  
  70  7:15  SCV x2  
  78  7:22  Starport  
  78  7:23  Barracks  
  78  7:25  Missile Turret  
  78  7:27  SCV x2  
  78  7:29  Marine  
  80  7:30  Marine  
  80  7:32  Planetary Fortress  
  80  7:33  Marauder x2  
  86  7:38  Siege Tank  
  86  7:39  SCV x2  
  91  7:46  Supply Depot  
  91  7:48  Supply Depot  
  91  7:51  SCV  
  92  7:54  Marauder  
  94  8:00  Terran Infantry Weapons Level 2  
  94  8:01  Barracks, Terran Vehicle And Ship Armor Level 1  
  94  8:03  SCV x2  
  96  8:09  Supply Depot  
  96  8:12  Refinery, Supply Depot  
  96  8:13  Refinery  
  96  8:15  SCV x3  
  99  8:21  Starport Tech Lab  
  99  8:23  Barracks Reactor  
  99  8:27  SCV x3  
  99  8:30  Marauder  
  99  8:31  Marauder  
  99  8:32  Marine x2  
  99  8:33  Supply Depot  
  108  8:38  Ghost Academy  
  108  8:47  SCV x3  
  111  8:50  Marine x2  
  111  8:52  Marauder x2  
  117  8:59  SCV x3  
  120  9:04  Command Center, Siege Tank  
  120  9:09  Raven  
  125  9:11  SCV  
  125  9:16  Starport  
  126  9:19  Terran Infantry Armor Level 2  
  126  9:23  SCV x3  
  129  9:30  Command Center  
  129  9:35  SCV x2  
  131  9:44  Missile Turret x2  
  131  9:47  SCV x2  
  131  9:48  SCV  
  131  9:51  Missile Turret  
  131  9:52  Raven, Siege Tank  
  141  9:53  Marauder x2  
  141  9:54  Barracks Tech Lab, Marine x4  
  141  9:56  Missile Turret, Terran Vehicle Weapons Level 1  
  141  9:59  SCV  
  148  10:02  Starport Reactor  
  148  10:06  SCV x2  
  150  10:10  Refinery  
  150  10:12  SCV, Marine  
  154  10:14  Refinery, Marauder x2  
  154  10:17  Planetary Fortress  
  154  10:18  SCV  
  157  10:22  SCV  
  157  10:24  SCV, Marauder  
  157  10:25  Marine  
  162  10:29  Siege Tank  
  162  10:30  SCV  
  162  10:34  SCV  
  168  10:35  Marauder  
  168  10:36  SCV  
  170  10:50  SCV x4  
  173  11:00  Command Center  
  173  11:02  SCV x4  
  173  11:03  Marauder x2, Ghost  
  183  11:04  Marine x3  
  183  11:05  Marine  
  187  11:22  Terran Infantry Weapons Level 3  
  187  11:23  Supply Depot x3  
  187  11:26  Supply Depot x2  
  187  11:29  Orbital Command  
  187  11:32  Supply Depot  
  187  11:44  Marine x3, Ghost x2, SCV  
  187  11:45  Marine  
  196  11:50  Supply Depot  
  196  11:51  Supply Depot  
  196  11:58  Supply Depot  
  196  12:00  Drilling Claws  
  196  12:27  Refinery x2  
  196  12:32  Medivac x2  
  200  13:18  Smart Servos  
  200  13:32  Thor  
  117  14:12  Marauder  
  117  14:13  Marauder x2  
  117  14:14  Marine  
  117  14:15  Marine x3  
  117  14:16  Siege Tank  
  123  14:21  Planetary Fortress  
  123  14:23  SCV x4  
  127  14:27  Missile Turret x2  
  127  14:29  Missile Turret  
  127  14:31  SCV  
  128  14:32  Marine, Missile Turret  
  128  14:33  Marine x3  
  128  14:34  Marauder x3  
  128  14:35  SCV x4  
  142  14:43  SCV  
  143  14:47  SCV  
  143  14:48  Siege Tank  
  143  14:50  Marine x3  
  143  14:51  Marine, Missile Turret  
  151  14:55  Marauder  
  151  14:56  Marauder x2  
  151  14:58  Barracks  
  151  14:59  Barracks  
  157  15:17  Marauder x3  
  157  15:20  Siege Tank  
  163  15:38  Marauder x3  
  163  15:40  Marine  
  163  15:41  Marine x3  
Tags
 
Add a new tag
Caveats
  • Supply blocks, unpowered buildings, or Contaminate may cause inaccurate times.
  • Supply counts are checked every 10 seconds.